 Dungeon Crawl Stone Soup version 0.30-a0-696-g2367cd04db (webtiles) character file.

Game seed: 8192536051020105159

40034 kae the Transmogrifier (level 13, -3/112 HPs)
             Began as a Demonspawn Transmuter on Jan 20, 2023.
             Was a High Priest of Qazlal.
             Slain by a cane toad (13 damage)
             ... on level 3 of the Lair of Beasts.
             The game lasted 00:14:14 (14312 turns).

kae the Transmogrifier (Demonspawn Transmuter)     Turns: 14312, Time: 00:14:15

Health: -3/112     AC:  9    Str: 12    XL:     13   Next: 72%
Magic:  0/24       EV: 13    Int: 18    God:    Qazlal [*****.]
Gold:   957        SH: 11    Dex: 20    Spells: 16/26 levels left

rFire   x . .      SeeInvis .      - Unarmed
rCold   + + +      Faith    .    (shield currently unavailable)
rNeg    . . .      Spirit   +    (body armour currently unavailable)
rPois   +          Reflect  .    (helmet currently unavailable)
rElec   .          Harm     .    (cloak currently unavailable)
rCorr   .          Rampage  .    (gloves currently unavailable)
Will    .....                    (boots unavailable)
Stlth   +                        G - amulet of guardian spirit
HPRegen 0.38/turn                D - +6 ring of dexterity
MPRegen 0.19/turn                Z - ring of wizardry

@: lethally poisoned (-3 -> -12), ice-form, protected from cold, repel missiles
A: freezing attack, amphibious, boosted hp, large, (hooves 3), (molten scales
2), condensation shield
a: End Transformation, Renounce Religion, Upheaval, Elemental Force, Disaster
Area


You were on level 3 of the Lair of Beasts.
You worshipped Qazlal.
Qazlal was extremely pleased with you.
You were a creature of crystalline ice.
You visited 2 branches of the dungeon, and saw 13 of its levels.
You also visited: Sewer.

You collected 957 gold pieces.


Innate Abilities, Weirdness & Mutations

You are a creature of crystalline ice.
You have a powerful freezing melee attack.
You are amphibious.
Your maximum health is increased.
Your armour is entirely melded.
You are incapable of wielding weapons or throwing items.
((You have hooves in place of feet.))
((You are mostly covered in molten scales. (AC +3)))
A meltable shield of frost defends you. (SH +4)


   Skills:
 + Level 6.4 Fighting
 + Level 6.1 Dodging
 - Level 4.5 Stealth
 * Level 9.7 Unarmed Combat
 - Level 7.4 Spellcasting
 - Level 10.4 Transmutations
 - Level 8.5 Ice Magic
 - Level 1.5 Poison Magic
 - Level 10.1 Invocations


You had 16 spell levels left.
You knew the following spells:

 Your Spells              Type           Power      Damage    Failure   Level
a - Beastly Appendage     Tmut           88%        N/A       1%          1
b - Wereblood             Tmut           44%        N/A       1%          2
c - Spider Form           Tmut/Pois      28%        N/A       1%          3
d - Ice Form              Ice/Tmut       40%        N/A       1%          4

Your spell library contained the following spells:

 Spells                   Type           Power      Damage    Failure   Level
 Apportation              Tloc           12%        N/A       4%          1
 Kiss of Death            Conj/Necr      24%        2d7       4%          1
 Necrotise                Necr           24%        1d5       4%          1
 Summon Small Mammal      Summ           24%        N/A       4%          1
 Lesser Beckoning         Tloc           12%        N/A       6%          2
 Call Canine Familiar     Summ           6%         N/A       12%         3
 Dazzling Flash           Conj/Hex       12%        N/A       12%         3
 Gell's Gravitas          Tloc           6%         N/A       12%         3
 Portal Projectile        Hex/Tloc       12%        N/A       12%         3
 Teleport Other           Tloc           6%         N/A       12%         3
 Iskenderun's Mystic Bla  Conj/Tloc      6%         2d4       38%         4
 Leda's Liquefaction      Hex/Erth       3%         N/A       38%         4
 Starburst                Conj/Fire      3%         6d3       99%         6

Inventory:

Missiles
 e - 113 stones
 k - 9 javelins
 y - a throwing net {=f!f}
 H - 30 poisoned darts
 M - 7 silver javelins
 N - 4 curare-tipped darts {=f}
Armour
 a - a +1 robe (melded)
 C - a +2 cloak (melded)
   (You found it on level 6 of the Dungeon)
Magical Staves
 p - a staff of cold {!a}
   (You found it on level 3 of the Dungeon)
 Q - a staff of cold {!a}
   (You found it on level 2 of the Lair of Beasts)
Jewellery
 D - a +6 ring of dexterity (left front paw)
   (You found it on level 3 of the Dungeon)
 F - a ring of fire
   (You found it on level 6 of the Dungeon)
 G - an amulet of guardian spirit (around neck)
   (You found it on level 1 of the Dungeon)
 L - an amulet of reflection
   (You found it on level 1 of the Lair of Beasts)
 Z - a ring of wizardry (right front paw)
   (You found it on level 10 of the Dungeon)
Wands
 u - a wand of mindburst (15)
   (You took it off Ijyb on level 4 of the Dungeon)
 z - a wand of charming (25)
   (You found it on level 5 of the Dungeon)
 B - a wand of quicksilver (6)
   (You found it on level 9 of the Dungeon)
 E - a wand of polymorph (14)
   (You took it off an orc on level 6 of the Dungeon)
 I - a wand of roots (17)
   (You took it off a kobold on level 8 of the Dungeon)
 K - a wand of flame (6)
   (You found it on level 1 of the Lair of Beasts)
 O - a wand of digging (3)
   (You found it on level 2 of the Lair of Beasts)
Scrolls
 c - 2 scrolls of fog
 h - 3 scrolls of poison
 m - 5 scrolls of teleportation {@r4}
 o - 3 scrolls of enchant weapon
 q - 3 scrolls of vulnerability {!r!r}
 J - 2 scrolls of silence {!r}
 P - a scroll of immolation {!r!r}
Potions
 b - 4 potions of lignification {!q}
 d - a potion of flight {unknown}
 f - 3 potions of degeneration {!q}
 g - 2 potions of brilliance {unknown}
 i - 2 potions of attraction {unknown}
 j - 2 potions of cancellation
 l - 3 potions of curing {unknown}
 n - 4 potions of heal wounds {@q2}
 r - 5 potions of magic
 s - a potion of mutation {!q}
 t - a potion of ambrosia
 w - a potion of invisibility {unknown}
 x - 4 potions of haste {@q3}
 A - 2 potions of might

Dungeon Overview and Level Annotations

Branches:
Dungeon (10/15) Zot: 25025  Temple (0/1) D:6            Lair (3/5) D:10 Zot: 15232
  Swamp (0/4) Lair:2          Orc (0/2) D:9           Sewer (visited)
  Snake: Lair:2-3    Spider: Lair:2-3

Altars:
Cheibriados
Dithmenos
Fedhas
Hepliaklqana
Kikubaaqudgha
Qazlal
Ru
Sif Muna
Trog
Wu Jian
Yredelemnul

Shops:
D:5 *   D:9 *

Portals:
Ice
Cave: Lair:3

... ..... ..# ≈....
##.. #.... #..P
#≈..# ...
##...#≈...# ..##.
.##.#.≈.....#≈.....
.....°.○...∩#≈....#
#.F†#####≈...(
#°○Y§≈≈≈≈≈#.#
#P..§....≈≈#
###..##<.###
#####.## #.# #.#
#.# ... ..P


You could see a cane toad.


Message History

The black mamba bites you!
The cane toad barely misses you. 😮 HP[-8] MP[-1]
You take 8 damage, and now have 82/112 hp.
You lost 1 mp, and now have 17/24 mp.
You punch the rime drake! You freeze the rime drake. The black mamba bites you.
You block the rime drake's attack.
The rime drake bites you but does no damage.
The cane toad stings you! You block the black mamba's attack.
You are too injured to fight recklessly! 😮 HP[-10] MP[-2]
You take 10 damage, and now have 72/112 hp.
You lost 2 mp, and now have 15/24 mp.
You closely miss the rime drake. The rime drake bites you.
The rime drake closely misses you.
The black mamba bites you but does no damage.
The cane toad misses you. 😮 HP[-1]
You take 1 damage, and now have 71/112 hp.
You punch the rime drake! You freeze the rime drake.
You kill the rime drake!
Qazlal accepts your kill. The ice encasing you melts away.
The black mamba barely misses you. You block the rime drake's attack.
The cane toad stings you! 😮 HP[-14] MP[-2]
You take 14 damage, and now have 57/112 hp.
You lost 2 mp, and now have 13/24 mp.
Unknown command.
The rime drake attacks as you move away!
You block the rime drake's attack.
You see here a rime drake corpse. 😮 HP[+1]
Casting: Ice Form (mildly dangerous; 1% risk of failure)
Confirm with . or Enter, or press ? or * to list all spells.
You warm up again.
Your +2 cloak unmelds from your body.
Your +1 robe unmelds from your body.
You grow a pair of large bovine horns.
Your feet morph into talons.
The rime drake is engulfed in blazing flames.
The rime drake closely misses you. The cane toad completely misses you.
The rime drake is engulfed in blazing flames.
The rime drake breathes ice at you. The icy flash freeze hits you!
You partially resist.
You feel more protected from cold.
* * * LOW HITPOINT WARNING * * *
You are encased in ice.
You block the cane toad's attack.
The rime drake is engulfed in blazing flames.
You kill the rime drake!
Qazlal accepts your kill. 😨 HP[-18] MP[-3]
You now have 94 max hp (-18).
You lost 3 mp, and now have 10/24 mp.
You closely miss the black mamba. Your kick misses the black mamba.
You punch the black mamba, but do no damage.
The cane toad stings you.
* * * LOW HITPOINT WARNING * * *
The black mamba is engulfed in blazing flames.
You block the black mamba's attack. 😨 HP[-4] MP[-1]
You take 4 damage, and now have 36/94 hp.
You lost 1 mp, and now have 9/24 mp.
Casting: Beastly Appendage (safe; 1% risk of failure)
Confirm with . or Enter, or press ? or * to list all spells.
Your horns disappear.
Your talons disappear.
You turn into a creature of crystalline ice.
Your +2 cloak melds into your body.
Your +1 robe melds into your body.
The ice encasing you melts away.
The black mamba is engulfed in blazing flames.
The black mamba closely misses you. You block the cane toad's attack.
The black mamba is engulfed in blazing flames.
The black mamba bites you!
* * * LOW HITPOINT WARNING * * *
You are poisoned.
The black mamba poisons you! The cane toad completely misses you.
You feel very sick.
You block the black mamba's attack. x2; The cane toad barely misses you. 😨 HP[-5] MP[-5]
You now have 112 max hp (+18).
You lost 5 mp, and now have 4/24 mp.
You closely miss the black mamba.
You feel very sick.
You hear a shout!
You block the black mamba's attack.
You block the cane toad's attack. 😱 HP[-3]
You take 3 damage, and now have 28/112 hp.
You punch the black mamba! You freeze the black mamba.
You feel very sick.
You hear a shout!
The black mamba barely misses you. The black mamba bites you!
* * * LOW HITPOINT WARNING * * *
The cane toad barely misses you. 😱 HP[-15] MP[-1]
You take 15 damage, and now have 13/112 hp.
You lost 1 mp, and now have 3/24 mp.
Unknown command.
You punch the black mamba! You freeze the black mamba.
You kill the black mamba!
Qazlal accepts your kill.
* * * LOW HITPOINT WARNING * * *
You feel very sick. The cane toad stings you!
You die...

Skill      XL: |  1  2  3  4  5  6  7  8  9 10 11 12 13 |
---------------+----------------------------------------+-----
Transmutations | 2 3 4 5 6 7 9 10 | 10.4
Invocations    | 1 2 3 4 6 7 8 9 10 | 10.1
Unarmed Combat | 3 4 5 6 7 9 |  9.7
Poison Magic   | 1 |  1.5
Spellcasting   | 3 4 5 6 7 |  7.4
Ice Magic      | 3 5 6 8 |  8.5
Fighting       | 4 6 |  6.4
Dodging        | 4 6 |  6.1
Stealth        | 4 |  4.5

Action                   |  1- 3 |  4- 6 |  7- 9 | 10-12 | 13-15 || total
-------------------------+-------+-------+-------+-------+-------++-------
Melee: Unarmed           |   107 |   102 |   432 |   172 |   220 ||  1033
       Kick              |    23 |    11 |    20 |     1 |     1 ||    56
       Headbutt          |    12 |     6 |     3 |       |       ||    21
       Punch             |     1 |     2 |     1 |       |     1 ||     5
 Cast: Beastly Appendage |    24 |    13 |     3 |       |     1 ||    41
       Spider Form       |       |    10 |    17 |       |       ||    27
       Wereblood         |       |     2 |     9 |     5 |     5 ||    21
       Ice Form          |       |       |    28 |    11 |    25 ||    64
Invok: Upheaval          |       |     1 |       |       |     1 ||     2
 Abil: End Transformatio |       |       |     1 |       |       ||     1
  Use: Scroll            |     4 |     2 |    10 |     1 |     1 ||    18
       Potion            |       |       |       |     6 |     1 ||     7
 Stab: Paralysed         |       |       |     1 |       |       ||     1
Armor: Robe              |    29 |     7 |    21 |     4 |       ||    61
       Skin              |       |     3 |    81 |    93 |    64 ||   241
Dodge: Dodged            |    70 |    63 |   248 |   101 |   130 ||   612
       Repelled          |       |       |     1 |       |     2 ||     3
Block: Other             |     9 |     6 |    97 |   151 |   128 ||   391

Levels and vault maps discovered:
D:1:      lemuel_arrival_river_bridge, layout_rooms,
          shapermc_ecumenical_altar_rom_forum, serial_forest,
          infiniplex_forest_straight_5, infiniplex_forest_clump_long,
          infiniplex_forest_end_1, infiniplex_forest_straight_3,
          infiniplex_forest_end_2, infiniplex_forest_clump_C,
          infiniplex_forest_3_way, minivault_5, minmay_box_of_dots
D:2:      cheibrodos_old_hovel, layout_rooms, basic_altar, minmay_distorted
D:3:      layout_rooms, yredelemnul_altar_generic, lemuel_crystal_altar,
          reono_crystal_passage, hangedman_abyss_or_decor_stabs, fountainhead
D:4:      layout_basic, mainiacjoe_overflow_alcove_2, minmay_misc_feat_room,
          uniq_ijyb, uniq_blork_the_orc
D:5:      layout_cave_pools, trog_book, minmay_shop_grid_forest,
          minmay_liquid_box
D:6:      layout_basic, mainiacjoe_overflow_alcove_1,
          minmay_temple_entry_poolview, gup_sewer_entry_spiral,
          chequers_serial_rivers_micro_b
D:7:      layout_cave_pools, elyvilon_altar_5, fedhas_altar_fruit_tree,
          nicolae_ru_great_annihilating_truth
D:8:      layout_basic
D:9:      layout_loops_ring, nicolae_hepliaklqana_monster_ancestors,
          orc_0_dummy, serial_shops, nicolae_stop_n_shop_1,
          minmay_curled_crystal, kennysheep_generic_room_8
D:10:     layout_basic, chei_slow_surprise, david_lair_generic, serial_undead,
          serial_undead_a, serial_undead_d, serial_undead_d, serial_undead_b,
          the_hattery
Lair:1:   layout_long_grid, uniq_amaemon
Lair:2:   layout_long_grid, swamp_mist, ebering_ghost_inner_flame,
          serial_bayou_lake_a, uniq_erica, uniq_urug
Lair:3:   layout_loops_ring, guppyfry_snake_entry_island, portal_ice_cave_rime,
          disabler_island

Notes
Turn   | Place    | Note
-------+----------+-------------------------------------------
     0 | D:1      | kae the Demonspawn Transmuter began the quest for the Orb.
     0 | D:1      | Reached XP level 1. HP: 15/15 MP: 3/3
     0 | D:1      | magus.rc [v1.11.3]
   107 | D:1      | Found a faded altar of an unknown god.
   129 | D:1      | Got Plato's Annotations on Left-Handed Deeds
   130 | D:1      | Prayed at the altar of an unknown god.
   130 | D:1      | Became a worshipper of Qazlal Stormbringer
   130 | D:1      | Reached * piety under Qazlal
   150 | D:1      | Reached skill level 2 in Transmutations
   505 | D:1      | Lost mutation: You have razor-sharp toenails. [demonic
                  | ancestry]
   505 | D:1      | Lost mutation: You have sharp toenails. [demonic ancestry]
   505 | D:1      | Gained mutation: You have large cloven feet. [demonic
                  | ancestry]
   505 | D:1      | Reached XP level 2. HP: 19/21 MP: 3/5
   932 | D:2      | HP: 5/21 [poisoned by an adder]
   933 | D:2      | HP: 2/21 [adder (2)]
   938 | D:2      | HP: 2/21 [adder (1)]
   943 | D:2      | Reached skill level 1 in Invocations
   943 | D:2      | Reached XP level 3. HP: 4/26 MP: 3/6
   946 | D:2      | Learned a level 2 spell: Wereblood
   950 | D:2      | Learned a level 3 spell: Spider Form
  1042 | D:2      | Reached skill level 3 in Unarmed Combat
  1140 | D:2      | Found an ornate altar of the Wu Jian Council.
  1145 | D:2      | You pick up a book of Displacement and begin reading...
  1145 | D:2      | You add the spells Lesser Beckoning, Gell's Gravitas and
                  | Teleport Other to your library.
  1315 | D:2      | Reached ** piety under Qazlal
  1641 | D:3      | Reached skill level 3 in Transmutations
  1641 | D:3      | Reached XP level 4. HP: 32/32 MP: 5/7
  1685 | D:3      | Found a basalt altar of Yredelemnul.
  1721 | D:3      | Reached skill level 2 in Invocations
  1751 | D:3      | Reached skill level 1 in Poison Magic
  1791 | D:3      | Noticed a scorpion
  1799 | D:3      | Killed a scorpion
  1800 | D:3      | Gained mutation: You have hoof-like feet. [demonic
                  | ancestry]
  1800 | D:3      | Reached XP level 5. HP: 24/37 MP: 1/9
  2134 | D:3      | Found a shadowy altar of Dithmenos.
  2364 | D:4      | Noticed Ijyb
  2507 | D:4      | You pick up a book of the Hunter and begin reading...
  2507 | D:4      | You add the spells Call Canine Familiar, Portal Projectile
                  | and Leda's Liquefaction to your library.
  2674 | D:4      | Killed Ijyb
  2675 | D:4      | Reached skill level 3 in Spellcasting
  2864 | D:4      | Reached skill level 3 in Invocations
  2864 | D:4      | Reached XP level 6. HP: 18/43 MP: 1/10
  2985 | D:4      | Reached skill level 4 in Transmutations
  2990 | D:4      | Learned a level 4 spell: Ice Form
  3011 | D:4      | Noticed Blork the orc
  3030 | D:4      | Killed Blork the orc
  3368 | D:4      | Reached skill level 4 in Unarmed Combat
  3368 | D:4      | Gained mutation: You are partially covered in molten
                  | scales. (AC +2) [demonic ancestry]
  3368 | D:4      | Reached XP level 7. HP: 39/48 MP: 7/12
  3517 | D:4      | Reached skill level 4 in Invocations
  3620 | D:4      | Found an ancient bone altar of Kikubaaqudgha.
  3876 | D:5      | Entered Level 5 of the Dungeon
  4051 | D:5      | Reached skill level 5 in Transmutations
  4162 | D:5      | Reached *** piety under Qazlal
  4183 | D:5      | Reached skill level 4 in Spellcasting
  4301 | D:5      | Identified the +1 leather armour of Lewkanan {rPois Will++
                  | Str+4 Stlth+}
  4305 | D:5      | Found Yclajejull's General Store.
  4518 | D:5      | Reached XP level 8. HP: 54/54 MP: 9/14
  4608 | D:5      | Found a bloodstained altar of Trog.
  4875 | D:6      | Found a shimmering blue altar of Sif Muna.
  4977 | D:6      | Reached skill level 5 in Invocations
  5010 | D:6      | Found a glowing drain.
  5014 | Sewer    | Entered a sewer
  5347 | Sewer    | Reached **** piety under Qazlal
  5549 | Sewer    | Reached skill level 1 in Ice Magic
  5688 | D:6      | Reached skill level 6 in Transmutations
  5783 | D:6      | Reached skill level 2 in Ice Magic
  5800 | D:6      | Reached skill level 5 in Unarmed Combat
  6076 | D:6      | Reached skill level 6 in Invocations
  6253 | D:6      | Reached skill level 3 in Ice Magic
  6375 | D:6      | Found a staircase to the Ecumenical Temple.
  6504 | D:7      | Gained mutation: You are mostly covered in molten scales.
                  | (AC +3) [demonic ancestry]
  6504 | D:7      | Reached XP level 9. HP: 59/59 MP: 11/16
  6575 | D:7      | Reached skill level 5 in Spellcasting
  6855 | D:7      | Reached skill level 7 in Transmutations
  7095 | D:7      | Found a blossoming altar of Fedhas.
  7202 | D:7      | Found a sacrificial altar of Ru.
  7213 | D:7      | Reached skill level 4 in Ice Magic
  7355 | D:7      | HP: 15/70 [killer bee (7)]
  7531 | D:8      | Reached ***** piety under Qazlal
  7864 | D:8      | Reached skill level 7 in Invocations
  7872 | D:8      | You pick up a book of Spectacle and begin reading...
  7872 | D:8      | You add the spells Dazzling Flash, Iskenderun's Mystic
                  | Blast and Starburst to your library.
  8523 | D:9      | Reached skill level 5 in Ice Magic
  8655 | D:9      | Found a staircase to the Orcish Mines.
  8690 | D:9      | Reached skill level 6 in Unarmed Combat
  8761 | D:9      | Gained mutation: A meltable shield of frost defends you.
                  | (SH +4) [demonic ancestry]
  8761 | D:9      | Reached XP level 10. HP: 60/65 MP: 9/18
  8840 | D:9      | Reached skill level 8 in Transmutations
  9417 | D:9      | Found Bant's Assorted Antiques.
  9440 | D:9      | Found a hazy altar of Hepliaklqana.
  9580 | D:10     | Entered Level 10 of the Dungeon
  9815 | D:9      | HP: 19/78 [spriggan hatter/+0 dagger (4)]
  9817 | D:9      | HP: 8/78 [spriggan hatter/+0 dagger (9)]
  9828 | D:9      | Reached skill level 8 in Invocations
  9829 | D:9      | Reached skill level 6 in Spellcasting
  9979 | D:9      | Reached skill level 6 in Ice Magic
 10148 | D:10     | Reached skill level 9 in Transmutations
 10269 | D:10     | HP: 13/78 [troll (7)]
 10270 | D:10     | Gained mutation: You have hooves in place of feet. [demonic
                  | ancestry]
 10270 | D:10     | Reached XP level 11. HP: 15/70 MP: 3/20
 10277 | D:10     | Identified 2 potions of experience
 10277 | D:10     | Reached skill level 7 in Unarmed Combat
 10277 | D:10     | Reached skill level 7 in Spellcasting
 10277 | D:10     | Reached skill level 10 in Transmutations
 10277 | D:10     | Reached skill level 8 in Ice Magic
 10277 | D:10     | Reached skill level 9 in Invocations
 10277 | D:10     | Reached XP level 12. HP: 10/76 MP: 2/22
 10301 | D:10     | Reached skill level 4 in Fighting
 10301 | D:10     | Reached skill level 4 in Dodging
 10301 | D:10     | Reached skill level 4 in Stealth
 10301 | D:10     | Reached XP level 13. HP: 55/90 MP: 6/23
 10504 | D:10     | Reached skill level 10 in Invocations
 11110 | D:10     | Found a staircase to the Lair.
 11460 | D:10     | Found a snail-covered altar of Cheibriados.
 11550 | Lair:1   | Entered Level 1 of the Lair of Beasts
 11937 | Lair:1   | Reached skill level 5 in Fighting
 11937 | Lair:1   | Reached skill level 8 in Unarmed Combat
 11942 | Lair:1   | Reached skill level 5 in Dodging
 12244 | Lair:1   | Noticed Amaemon
 12255 | Lair:1   | Killed Amaemon
 12502 | Lair:1   | You pick up a book of Cantrips and begin reading...
 12502 | Lair:1   | You add the spells Necrotise, Summon Small Mammal and
                  | Apportation to your library.
 12649 | Lair:2   | Noticed Urug
 12655 | Lair:2   | Noticed Erica
 13002 | Lair:1   | Reached skill level 9 in Unarmed Combat
 13018 | Lair:1   | Killed Erica
 13021 | Lair:1   | HP: 19/93 [death yak[a torpor snail] (23)]
 13030 | Lair:1   | Reached skill level 6 in Fighting
 13385 | Lair:2   | Killed Urug
 13634 | Lair:2   | Found a runed translucent door.
 13635 | Lair:2   | Noticed Jisuom's ghost (journeyman DrCj)
 13726 | Lair:2   | Found a staircase to the Swamp.
 13872 | Lair:2   | Reached skill level 6 in Dodging
 14252 | Lair:2   | Killed Jisuom's ghost
 14270 | Lair:2   | Identified the +5 dagger "Kaeme" {freeze, Int+5}
 14297 | Lair:3   | Found a frozen archway.
 14310 | Lair:3   | HP: 28/112 [poisoned by a black mamba]
 14311 | Lair:3   | HP: 13/112 [black mamba (13)]
 14312 | Lair:3   | Slain by a cane toad

Vanquished Creatures
  A hydra (Lair:1)
  The ghost of Jisuom the Destroyer, a journeyman DrCj of Gozag (Lair:2)
  Erica (Lair:1)
  2 death yaks (Lair:1)
  Urug (Lair:2)
  Amaemon (Lair:1)
  2 black mambas
  An orange demon (Lair:1)
  A torpor snail (Lair:1)
  5 cane toads (Lair:1)
  3 rime drakes
  A komodo dragon (Lair:1)
  2 unseen horror zombies (D:10)
  A troll (D:10)
  4 blink frogs
  A meliai zombie (D:10)
  2 shadows
  4 wyverns
  5 yaks
  2 vampires (D:9)
  3 wraiths (D:9)
  A spriggan (D:9)
  2 basilisks
  3 steam dragons
  4 water moccasins
  A sky beast (D:8)
  A black bear (D:10)
  4 orc warriors
  4 wolves (Lair:2)
  2 ogres
  4 centaurs
  3 phantoms
  2 kobold brigands
  Blork the orc (D:4)
  14 bullfrogs
  2 scorpions
  2 gnoll sergeants
  14 wights
  12 killer bees
  An electric eel (Lair:2)
  5 howler monkeys
  8 centaur zombies (D:10)
  4 orc priests
  4 iguanas
  2 jellies
  Ijyb (D:4)
  15 orc wizards
  13 gnolls
  13 adders
  7 river rats
  2 white imps
  An ufetubus (D:5)
  3 worms
  39 orcs
  11 endoplasms
  6 giant cockroaches
  7 goblins
  5 hobgoblins
  4 jackals
  7 quokkas
  14 ball pythons
  7 bats
  10 frilled lizards
  14 kobolds
  35 rats
  A spectral goblin (D:9)
359 creatures vanquished.

Vanquished Creatures (others)
  A blink frog (Lair:1)
  A fungus (Lair:1)
  3 plants (D:2)
  2 withered plants (D:10)
7 creatures vanquished.

Grand Total: 366 creatures vanquished

Table legend:
 A = Non-vault XP
 B = Vault XP
 C = Vault XP percentage of total XP
 D = Non-vault monster count
 E = Vault monster count
 F = Vault count percentage of total count
                 A         B        C        D         E       F
            +---------+---------+-------+---------+---------+-------
      Total |   17736 |   11911 |  40.2 |     252 |     108 |  30.0
            +---------+---------+-------+---------+---------+-------
        D:1 |      17 |       4 |  19.0 |      10 |       3 |  23.1
        D:2 |      59 |       3 |   4.8 |      24 |       2 |   7.7
        D:3 |     189 |       0 |   0.0 |      16 |       0 |   0.0
        D:4 |     536 |     130 |  19.5 |      33 |       2 |   5.7
        D:5 |     522 |       0 |   0.0 |      16 |       0 |   0.0
        D:6 |     921 |      28 |   3.0 |      28 |       7 |  20.0
        D:7 |    1133 |      40 |   3.4 |      17 |       4 |  19.0
        D:8 |    1068 |       0 |   0.0 |      26 |       0 |   0.0
        D:9 |    1482 |    1632 |  52.4 |      23 |      10 |  30.3
       D:10 |    1413 |    5067 |  78.2 |      21 |      17 |  44.7
     Lair:1 |    8227 |    2018 |  19.7 |      27 |       3 |  10.0
     Lair:2 |    1676 |    1934 |  53.6 |      10 |       3 |  23.1
     Lair:3 |     493 |     717 |  59.3 |       1 |       2 |  66.7
      Sewer |       0 |     338 | 100.0 |       0 |      55 | 100.0
            +---------+---------+-------+---------+---------+-------

Illustrated notes

Table legend:
 A = Kills in this place as a percentage of kills in entire the game.
 B = Kills by you in this place as a percentage of kills by you in the entire game.
 C = Kills by friends in this place as a percentage of kills by friends in the entire game.
 D = Other kills in this place as a percentage of other kills in the entire game.
 E = Experience gained in this place as a percentage of experience gained in the entire game.
 F = Experience gained in this place divided by the number of levels of this place that you have seen.
                   A       B       C       D       E      F
               +-------+-------+-------+-------+-------+----------------------
         Total | 100.0 | 100.0 |   N/A | 100.0 | 100.0 | 2117.6
       Dungeon |  71.9 |  72.1 |   N/A |   0.0 |  48.0 | 1424.4
          Lair |  12.8 |  12.5 |   N/A | 100.0 |  50.8 | 5021.7
         Sewer |  15.3 |  15.3 |   N/A |   0.0 |   1.1 | 338.0
               +-------+-------+-------+-------+-------+----------------------

Table legend: (Time is in decaauts)
 A = Elapsed time spent in this place.
 B = Non-inter-level travel time spent in this place.
 C = Inter-level travel time spent in this place.
 D = Time resting spent in this place.
 E = Time spent auto-exploring this place.
 F = Levels seen in this place.
 G = Mean time per level.
                   A        B        C        D        E       F      G
               +--------+--------+--------+--------+--------+-----+--------+
         Total |  14342 |  13990 |    352 |    663 |  10975 |  14 | 1024.4 |
       Dungeon |  10971 |  10643 |    328 |    470 |   8401 |  10 | 1097.1 |
          Lair |   2767 |   2743 |     24 |    193 |   2207 |   3 |  922.3 |
         Sewer |    603 |    603 |      0 |      0 |    366 |   1 |  603.0 |
               +--------+--------+--------+--------+--------+-----+--------+

Top non-repeatable levels by time:
  Lair:1: 1780 daAuts
     D:4: 1723 daAuts
     D:9: 1686 daAuts
    D:10: 1433 daAuts
     D:6: 1109 daAuts
     D:7: 1014 daAuts
  Lair:2: 964 daAuts
     D:8: 902 daAuts
     D:1: 856 daAuts
     D:5: 841 daAuts
     D:3: 742 daAuts
     D:2: 662 daAuts
   Sewer: 603 daAuts
  Lair:3: 22 daAuts
